[Event "Deutschland Grand Prix 2022"]
[Site "Dortmund"]
[Date "2022.07.17"]
[Round "1.2"]
[White "Eljanov, Pavel"]
[Black "Svane, Rasmus"]
[Result "1-0"]
[ECO "C50"]
[WhiteElo "2681"]
[BlackElo "2649"]
[Annotator "ChessBase"]
[PlyCount "179"]
[EventDate "2022.07.17"]
[EventType "tourn"]
[EventCountry "GER"]
[SourceTitle "playchess.com"]
[Source "ChessBase"]
[SourceQuality "1"]
[TimeControl "40/5400+30:1800+30"]

1. e4 e5 2. Nf3 Nc6 3. Bc4 Nf6 4. d3 Bc5 5. Nc3 h6 6. O-O d6 7. Na4 Bb6 8. a3 O-O 9. h3 Qe7 10. b4 Be6 11. Bxe6 Qxe6 12. c4 a6 13. Nxb6 cxb6 14. Bb2 Rfc8 15. Nh4 b5 16. cxb5 axb5 17. f4 Nd7 18. Kh1 Nb6 19. Rc1 Ne7 20. f5 Qf6 21. Nf3 Rxc1 22. Bxc1 d5 23. Nh2 Nd7 24. Ng4 Qh4 25. Kh2 Nf6 26. Nxe5 dxe4 27. Rf4 Qh5 28. g4 Qh4 29. dxe4 Nc6 30. Nxc6 bxc6 31. e5 Nd5 32. Rf3 Re8 33. Qe2 Qe7 34. Bb2 Nb6 35. e6 Nc4 36. Kg2 Nxb2 37. Qxb2 fxe6 38. f6 Qf7 39. Qc3 e5 40. Qxc6 e4 41. Re3 Re5 42. Rxe4 Qa2+ 43. Kg3 Qb3+ 44. Kf4 gxf6 45. Rxe5 fxe5+ 46. Kf5 Qd3+ 47. Qe4 Qxa3 48. Qd5+ Kf8 49. Qd8+ Kf7 50. Qf6+ Ke8 51. Qxe5+ Kd8 52. Ke6 Kc8 53. Qc5+ Kb7 54. Qxb5+ Kc8 55. Qc5+ Kb7 56. h4 Qg3 57. Qd5+ Ka7 58. Qd4+ Kb7 59. Qe4+ Ka7 60. h5 Qf2 61. Ke7 Qd2 62. Kf7 Kb6 63. Kg7 Kb5 64. Kh7 Ka4 65. Qc6+ Kxb4 66. Qxh6 Qe2 67. Qf4+ Kb3 68. Qf7+ Kb2 69. g5 Kc1 70. h6 Qd3+ 71. g6 Kb1 72. Qf6 Qe4 73. Kg7 Qb7+ 74. Qf7 Qe4 75. h7 Qd4+ 76. Kf8 Qc5+ 77. Qe7 Qc8+ 78. Kf7 Qc4+ 79. Qe6 Qf4+ 80. Ke7 Qh4+ 81. Ke8 Qa4+ 82. Qd7 Qe4+ 83. Kd8 Qa8+ 84. Ke7 Qe4+ 85. Kf6 Qh4+ 86. Kg7 Qe4 87. h8=Q Qe5+ 88. Kf7 Qxh8 89. Qf5+ Ka1 90. g7 1-0

[Event "Deutschland Grand Prix 2022"]
[Site "Dortmund"]
[Date "2022.07.17"]
[Round "1.3"]
[White "Deac, Bogdan-Daniel"]
[Black "Navara, David"]
[Result "1-0"]
[ECO "D85"]
[WhiteElo "2692"]
[BlackElo "2688"]
[Annotator "ChessBase"]
[PlyCount "97"]
[EventDate "2022.07.17"]
[EventType "tourn"]
[EventCountry "GER"]
[SourceTitle "playchess.com"]
[Source "ChessBase"]
[SourceQuality "1"]
[TimeControl "40/5400+30:1800+30"]

1. d4 Nf6 2. c4 g6 3. Nc3 d5 4. cxd5 Nxd5 5. Bd2 Bg7 6. e4 Nb6 7. Be3 O-O 8. Bb5 Bd7 9. Be2 e5 10. dxe5 Bxe5 11. Nf3 Bxc3+ 12. bxc3 Bc6 13. Nd2 N8d7 14. O-O Qe7 15. Re1 Nc5 16. Bf1 Rad8 17. Qb1 Nba4 18. f3 Rfe8 19. Qc2 a6 20. Rab1 Bb5 21. c4 Bc6 22. Nb3 b6 23. Bf2 Rd7 24. Nd4 Bb7 25. e5 Qg5 26. h4 Qh6 27. Rbd1 Bc8 28. Bg3 Rdd8 29. e6 fxe6 30. Bxc7 Rd7 31. Bg3 e5 32. Bxe5 Qxh4 33. Bg3 Qd8 34. Bh4 Rxe1 35. Bxd8 Rxd1 36. Qxd1 Rxd8 37. Qa1 Bd7 38. Nb3 Be6 39. Qe5 Bf7 40. Nxc5 Nxc5 41. Qc7 Rd1 42. Qxb6 Bxc4 43. Qxc5 Rxf1+ 44. Kh2 Be6 45. Qc6 Re1 46. Qxa6 Re5 47. a4 Bd5 48. Qd6 Rh5+ 49. Kg1 1-0

[Event "Deutschland Grand Prix 2022"]
[Site "Dortmund"]
[Date "2022.07.17"]
[Round "1.4"]
[White "McShane, Luke J"]
[Black "Bluebaum, Matthias"]
[Result "1-0"]
[ECO "C42"]
[WhiteElo "2649"]
[BlackElo "2673"]
[Annotator "ChessBase"]
[PlyCount "130"]
[EventDate "2022.07.17"]
[EventType "tourn"]
[EventCountry "GER"]
[SourceTitle "playchess.com"]
[Source "ChessBase"]
[SourceQuality "1"]
[TimeControl "40/5400+30:1800+30"]

1. e4 e5 2. Nf3 Nf6 3. Nxe5 d6 4. Nd3 Nxe4 5. Qe2 Qe7 6. Nf4 Nf6 7. d4 Qxe2+ 8. Bxe2 Nc6 9. c3 d5 10. h4 h5 11. Nd2 Bd6 12. Nf1 Ne7 13. Ng3 g6 14. Bd3 Bd7 15. f3 O-O 16. Nfe2 Ne8 17. Kf2 Ng7 18. Bf4 Bxf4 19. Nxf4 Ne6 20. Nxe6 Bxe6 21. Rae1 Rfe8 22. Re5 Kf8 23. Rhe1 Bd7 24. Ne2 c6 25. Nf4 Rad8 26. g3 Bc8 27. a4 a5 28. b4 axb4 29. cxb4 Nf5 30. Bxf5 Bxf5 31. Nxh5 Rxe5 32. Rxe5 Bc2 33. Nf6 Bxa4 34. g4 Bb5 35. Ke3 b6 36. g5 Bc4 37. f4 c5 38. bxc5 bxc5 39. dxc5 d4+ 40. Kd2 Ra8 41. Re4 Ra2+ 42. Kc1 Be6 43. Rxd4 Ke7 44. Ng8+ Ke8 45. Nf6+ Ke7 46. Ng8+ Ke8 47. c6 Ra8 48. Nf6+ Ke7 49. Nd7 Ra5 50. Kd2 Bd5 51. Ne5 Rc5 52. Nd3 Ra5 53. c7 Be6 54. Rd8 Ra2+ 55. Kc3 Ra3+ 56. Kb2 Ra2+ 57. Kb1 Ra3 58. Nc5 Bf5+ 59. Kb2 Rf3 60. Nd3 Rh3 61. Kc3 Rxh4 62. c8=Q Bxc8 63. Rxc8 f6 64. Rc7+ Kd6 65. Rg7 Kd5 1-0

[Event "Deutschland Grand Prix 2022"]
[Site "Dortmund"]
[Date "2022.07.18"]
[Round "2.1"]
[White "Navara, David"]
[Black "McShane, Luke J"]
[Result "0-1"]
[ECO "E16"]
[WhiteElo "2688"]
[BlackElo "2649"]
[Annotator "TA"]
[PlyCount "58"]
[EventDate "2022.07.17"]
[EventType "tourn"]
[EventCountry "GER"]
[SourceTitle "playchess.com"]
[Source "ChessBase"]
[SourceQuality "1"]
[TimeControl "40/5400+30:1800+30"]

1. d4 Nf6 2. c4 e6 3. Nf3 Bb4+ 4. Nbd2 O-O 5. a3 Be7 6. g3 b6 7. Bg2 Bb7 8. O-O c5 9. d5 {[%emt 0:00:52] E16: Queen's Indian: 4 g3 Bb7 5 Bg2 Bb4+.} exd5 10. Nh4 $1 g6 {[%emt 0:08:27] Inhibits Nf5.} 11. cxd5 (11. Nb1 $11) 11... Bxd5 $17 (11... Nxd5 $2 12. Nc4 $18) 12. e4 Bc6 13. e5 {[%emt 0:05:41] [#]} Ne8 {[%emt 0:00:13][%cal Bf6e8,Be8d6,Bd6f5][%mdl 32] [#]} 14. Qg4 $146 ({Predecessor:} 14. Ndf3 Na6 15. Qd2 Nac7 16. Qh6 Ne6 17. Rd1 Qc7 18. b4 Rd8 19. Bb2 N8g7 20. Rac1 {½-½ (50) Gupta,A (2643)-Vishnu,P (2406) Dubai 2012}) 14... Bxg2 15. Kxg2 Bxh4 16. gxh4 d5 {[%emt 0:00:52] Against Ne4} 17. exd6 Nxd6 18. Nf3 h5 19. Qf4 {[%emt 0:03:57] [#] Threatens to win with Rd1.} Nf5 $1 20. Qe4 {[%emt 0:00:41] [#]} Qc7 $1 21. b4 (21. Qxa8 $2 {loses.} Nc6 22. Bf4 Qd7 $19) (21. Bf4 Qc6) 21... Nc6 22. bxc5 bxc5 23. Re1 $2 (23. Bg5) 23... Qd7 24. Bg5 Rae8 25. Rad1 $2 (25. Qc4) 25... Ncd4 $19 {[%emt 0:08:03] Pair of Knights!} ({Inferior is} 25... Rxe4 26. Rxd7 Ra4 27. Rc1 $17) 26. Ne5 Rxe5 27. Qxe5 f6 $1 {[%emt 0:00:05] Really sharp!} 28. Qxc5 (28. Bxf6 Qc6+ 29. Re4 Rxf6 30. Qe8+ Kg7 31. Qxc6 Rxc6 32. Rc1) 28... Rc8 29. Re7 Nxe7 {[%emt 0:01:31] White did not feel at home in the position after the opening.  Weighted Error Value: White=0.57/Black=0.32} ({Worse is} 29... Rxc5 30. Rxd7 fxg5 31. hxg5 $11) 0-1

[Event "Deutschland Grand Prix 2022"]
[Site "Dortmund"]
[Date "2022.07.18"]
[Round "2.3"]
[White "L'Ami, Erwin"]
[Black "Eljanov, Pavel"]
[Result "0-1"]
[ECO "E11"]
[WhiteElo "2634"]
[BlackElo "2681"]
[Annotator "TA"]
[PlyCount "92"]
[EventDate "2022.07.17"]
[EventType "tourn"]
[EventCountry "GER"]
[SourceTitle "playchess.com"]
[Source "ChessBase"]
[SourceQuality "1"]
[TimeControl "40/5400+30:1800+30"]

1. d4 Nf6 2. c4 e6 3. Nf3 d5 4. g3 Bb4+ 5. Bd2 Be7 6. Bg2 c6 7. Qc2 Nbd7 {[%emt 0:00:44] E11: Bogo-Indian.} 8. O-O b6 9. Bf4 Bb7 $1 {[%emt 0:00:14] The position is equal. 9...Bb7 scores better than 9...Ba6.} 10. Nbd2 {[%emt 0:04:14] [#]} c5 $146 ({Predecessor:} 10... Nh5 11. Be3 Nhf6 12. h3 O-O 13. Bg5 c5 14. cxd5 Nxd5 15. Bxe7 Qxe7 16. e4 Nb4 {0-1 (40) Kaasen,T (2442)-Vidit,S (2673) Chess.com INT 2017}) 11. dxc5 Bxc5 12. Ne5 Nxe5 13. Bxe5 O-O 14. Rad1 Rc8 15. b3 Ng4 16. Ba1 Qe7 17. Qb2 {[%emt 0:03:11][%csl Ga1][%cal Rb2g7] [#]} Nf6 18. Qe5 Ba6 19. cxd5 exd5 {[%emt 0:00:53] aiming for ...Qxe5.} 20. Bf3 Qxe5 21. Bxe5 Rfe8 (21... Ne4 $5 22. Bxe4 dxe4 $17) 22. Bxf6 gxf6 23. Rfe1 Bb4 24. a3 $1 Bc3 $36 {[%emt 0:00:04][%mdl 2048] Black has some pressure.} (24... Bxa3 25. Ra1 Bb4 26. Rxa6 $16) 25. Bxd5 {[%emt 0:03:16] Black converts the advantage convincingly.} (25. Rf1 $15) 25... f5 ({Don't play} 25... Bxe2 $6 26. Rc1 $11) (25... Rxe2 $6 26. Rxe2 Bxe2 27. Rc1 $11) 26. e4 Bd3 27. f3 b5 28. Nf1 fxe4 (28... Bc2 $19 29. Ne3 Bxe1 30. Rxe1 fxe4) 29. fxe4 {[%emt 0:00:12] [#]} Bc2 $1 {[%emt 0:00:35] A strong pair of Bishops.} ({Inferior is} 29... Bxe1 30. Rxd3 Rc1 31. Rf3) 30. Kf2 Kf8 31. h4 (31. g4 $142) 31... Bxe1+ ({Not} 31... Bxd1 32. Rxd1 Bb2 33. Ne3 $17) 32. Rxe1 Rc3 33. Rc1 (33. Re3 $142 Rxe3 34. Kxe3) 33... Rec8 $19 34. Nd2 a5 35. a4 bxa4 36. bxa4 R8c5 37. Ra1 f5 38. Kg2 Bd3 {[%emt 0:00:55] Prevents Rf1. ...Rc2 is the strong threat.} 39. Kf2 Ke7 40. Re1 Kf6 41. Re3 Bc2 42. e5+ $2 (42. Rxc3 Rxc3 43. exf5) 42... Ke7 {[%emt 0:00:32] And now ...Rxe3 would win. Black is clearly winning.} 43. Bg8 Rxe3 44. Kxe3 Rxe5+ 45. Kd4 Re2 46. Nc4 Bb3 {[%emt 0:01:25] Weighted Error Value: White=0.27 (precise) /Black=0.05 (flawless)} 0-1

[Event "Deutschland Grand Prix 2022"]
[Site "Dortmund"]
[Date "2022.07.19"]
[Round "3.2"]
[White "McShane, Luke J"]
[Black "Svane, Rasmus"]
[Result "1/2-1/2"]
[ECO "C85"]
[WhiteElo "2649"]
[BlackElo "2649"]
[Annotator "TA"]
[PlyCount "99"]
[EventDate "2022.07.17"]
[EventType "tourn"]
[EventCountry "GER"]
[SourceTitle "playchess.com"]
[Source "ChessBase"]
[SourceQuality "1"]
[TimeControl "40/5400+30:1800+30"]

1. e4 e5 2. Nf3 Nc6 3. Bb5 a6 4. Ba4 Nf6 5. O-O Be7 6. Bxc6 dxc6 7. d3 Bd6 8. Nbd2 Be6 {[%emt 0:00:13] C85: Closed Ruy Lopez: Deferred Exchange Variation.} 9. b3 Nd7 10. Bb2 Qe7 11. d4 f6 12. Qe2 O-O-O {[%emt 0:03:25] [#]} 13. Rfe1 $146 ({Predecessor:} 13. c4 exd4 14. Nxd4 Rhe8 15. Rfe1 Ne5 16. Rad1 Bc5 17. Nf1 Bg4 18. f3 Be6 19. Ne3 {0-1 (46) Kosakowski,J (2429)-Golenia,J (2102) Lodz 2021}) 13... Rhe8 14. c3 exd4 15. cxd4 f5 16. a3 (16. exf5 $15 Bxf5 17. Qxe7 Bxe7 18. Nc4) 16... fxe4 17. Nxe4 Bf4 {[%emt 0:05:17] A strong pair of Bishops.} 18. Qc2 Qf8 19. Nc5 Nxc5 20. dxc5 g6 21. b4 Bd5 {[%emt 0:02:10] [#] ...Bxf3 is the strong threat.} 22. Qc3 Qf5 23. h3 h5 (23... Rf8 $15) 24. Nh4 $11 Qf7 25. Qf6 g5 26. Ng6 Bd2 27. Re7 Qxf6 28. Bxf6 Be4 29. Rg7 Rd3 30. Ne7+ Kb8 31. f3 Bd5 32. Be5 Ka8 33. Kh2 (33. Nxd5 $11 Rxd5 34. Bf6) 33... Re3 (33... g4 $17 34. fxg4 hxg4) 34. Nxd5 cxd5 35. Rd1 ({Don't blunder} 35. Bxc7 $2 Bc3 36. Rxg5 Bxa1 $19) 35... R8xe5 36. Rxd2 {[%emt 0:00:03][%mdl 4096] Endgame KRR-KRR} c6 37. h4 (37. Rh7 $11) 37... gxh4 $15 38. Rd4 Rxa3 39. Rg8+ (39. Rxh4 $15 Ka7 40. g4) 39... Ka7 $19 40. Rf4 {[%emt 0:00:15] [#]} (40. Kh3 $17) 40... Re7 $2 ({Black should play} 40... a5 $1 $19 {Threatens to win with ...Ra4.} 41. Rf7 Rb3 42. bxa5 Rb4) 41. Rff8 $11 {[%emt 0:21:49][%csl Gg8][%cal Rf8a8] The position is equal.} b5 42. f4 {[%emt 0:00:59] Black must now prevent f5.} Rg3 $1 {[%emt 0:07:43] aiming for ...Rxg8.} 43. Ra8+ ({Not} 43. Rxg3 $2 hxg3+ 44. Kh3 a5 $19) 43... Kb7 {[%emt 0:00:06] And now ...Rxg8 would win.} 44. Rgb8+ Kc7 45. Rh8 Kb7 {[%emt 0:00:33] Prevents Ra7+.} 46. f5 Re2 47. Rab8+ Ka7 48. Ra8+ Kb7 49. Rab8+ Ka7 50. Ra8+ {[%emt 0:00:07] Weighted Error Value: White=0.17 (very precise) /Black=0.18 (very precise)} 1/2-1/2

[Event "Deutschland Grand Prix 2022"]
[Site "Dortmund"]
[Date "2022.07.19"]
[Round "3.3"]
[White "Bluebaum, Matthias"]
[Black "Navara, David"]
[Result "1/2-1/2"]
[ECO "D11"]
[WhiteElo "2673"]
[BlackElo "2688"]
[Annotator "TA"]
[PlyCount "57"]
[EventDate "2022.07.17"]
[EventType "tourn"]
[EventCountry "GER"]
[SourceTitle "playchess.com"]
[Source "ChessBase"]
[SourceQuality "1"]
[TimeControl "40/5400+30:1800+30"]

1. d4 d5 2. c4 c6 3. Nf3 Nf6 4. Qc2 g6 5. e3 Bg7 6. Nc3 {[%emt 0:00:37] D11: Slav Defence: 3 Nf3 sidelines and 3...Nf6 4 e3 Bg4.} O-O 7. h3 {[%emt 0:01:58] [#] 7.Be2 is a critical line.} c5 $146 ({Predecessor:} 7... a6 8. a3 dxc4 9. Bxc4 b5 10. Ba2 Nbd7 11. e4 Bb7 12. Be3 Rc8 13. b4 Nb6 {1-0 (44) Manolache,M (2485)-Nastore,P (2306) Bucharest 2022}) 8. dxc5 Na6 9. cxd5 {[%emt 0:09:08] [#] Hoping for Bxa6.} Nxd5 10. Nxd5 Qxd5 11. Bxa6 bxa6 12. e4 {[%emt 0:00:09] Against Bf5} Qc6 13. O-O Rb8 (13... Bb7 $11) 14. Rb1 $1 $14 Rb4 15. Re1 Bb7 16. Bd2 (16. Bg5 $16) 16... Rxe4 $11 17. Rxe4 Qxe4 18. Qxe4 Bxe4 {[%emt 0:00:07] A strong pair of Bishops.} 19. Re1 Bd5 20. Rxe7 Bxb2 21. Bf4 Rc8 22. Bd6 Ba3 {[%emt 0:23:45] The position is equal.} 23. Rxa7 Bxc5 24. Bxc5 Rxc5 25. Rxa6 {[%emt 0:00:10] KRB-KRN} Rc1+ 26. Kh2 Rc2 27. Kg3 Rxa2 28. Rxa2 Bxa2 29. Nd4 {[%emt 0:00:06] Weighted Error Value: White=0.09 (flawless) /Black=0.09 (flawless)} 1/2-1/2

[Event "Deutschland Grand Prix 2022"]
[Site "Dortmund"]
[Date "2022.07.20"]
[Round "4.1"]
[White "Svane, Rasmus"]
[Black "Bluebaum, Matthias"]
[Result "1/2-1/2"]
[ECO "C42"]
[WhiteElo "2649"]
[BlackElo "2673"]
[Annotator "TA"]
[PlyCount "71"]
[EventDate "2022.07.17"]
[EventType "tourn"]
[EventCountry "GER"]
[SourceTitle "playchess.com"]
[Source "ChessBase"]
[SourceQuality "1"]
[TimeControl "40/5400+30:1800+30"]

1. e4 e5 2. Nf3 Nf6 3. Nxe5 d6 4. Nf3 Nxe4 5. d4 d5 6. Bd3 Nc6 7. O-O Be7 8. Nbd2 $1 {[%emt 0:00:30][%mdl 4] outshines the older 8.c4.} Bf5 9. Re1 Nxd2 {[%emt 0:00:29] C42: Petroff Defence: 3 Nxe5 and unusual White 3rd moves.} 10. Qxd2 Qd7 11. c3 O-O 12. Bxf5 Qxf5 13. Qf4 Qd7 14. Qg3 Bd6 15. Bf4 Bxf4 16. Qxf4 Rae8 17. h4 h6 {[%emt 0:10:12] [#]} 18. g3 $146 ({Predecessor:} 18. h5 Re6 19. Rxe6 fxe6 20. Qe3 Rf6 21. Ne5 Nxe5 22. dxe5 Rf8 23. Qxa7 Qb5 24. b4 {½-½ (50) Petr,M (2508)-Krejci,J (2539) Zlin 2021}) 18... Nd8 19. Ne5 Qd6 20. Qf3 Re7 21. Re3 Rfe8 22. Rae1 f6 23. Ng4 c6 24. Qf5 Nf7 {[%emt 0:06:06] The position is equal.} 25. b3 Rxe3 26. Rxe3 Rxe3 27. Nxe3 $11 {[%emt 0:00:10][%mdl 4096] [#] Endgame Qc8+ is the strong threat. KQN-KQN} Qe7 28. Qc8+ Kh7 $1 29. Qf5+ g6 30. Qf4 h5 31. c4 dxc4 32. bxc4 Qd6 33. Qe4 Qd7 34. Qf4 Qd6 35. Qe4 {[%emt 0:00:04] And now Ng2 would win.} Qd7 36. Qf4 {[%emt 0:02:24] Weighted Error Value: White=0.04 (flawless) /Black=0.02 (flawless)} 1/2-1/2

[Event "Deutschland Grand Prix 2022"]
[Site "Dortmund"]
[Date "2022.07.20"]
[Round "4.2"]
[White "L'Ami, Erwin"]
[Black "McShane, Luke J"]
[Result "1/2-1/2"]
[ECO "E11"]
[WhiteElo "2634"]
[BlackElo "2649"]
[Annotator "TA"]
[PlyCount "171"]
[EventDate "2022.07.17"]
[EventType "tourn"]
[EventCountry "GER"]
[SourceTitle "playchess.com"]
[Source "ChessBase"]
[SourceQuality "1"]
[TimeControl "40/5400+30:1800+30"]

1. d4 Nf6 2. c4 e6 3. Nf3 Bb4+ 4. Bd2 Qe7 5. g3 Nc6 6. Nc3 Bxc3 $1 {[%emt 0:00:29] 6...Bxc3 is better than 6...0-0.} 7. Bxc3 Ne4 8. Qc2 Nxc3 {[%emt 0:00:15] E11: Bogo-Indian.} 9. Qxc3 Qb4 10. Kd2 b6 11. Bg2 Bb7 12. Rhd1 (12. Ne5 {is more complex.} Qd6 13. Rhd1 Nxe5 14. Bxb7 Rb8 15. Bg2) 12... Qxc3+ 13. Kxc3 {[%emt 0:00:13] [#]} Ne7 $146 ({Predecessor:} 13... a5 14. b3 d6 15. Ne1 O-O-O 16. Nd3 Rhe8 17. f4 Ne7 18. Bxb7+ Kxb7 19. e4 f6 {1-0 (33) Lazavik,D (2440)-Grabinsky,A (2423) Chess.com INT 2021}) 14. Ne1 Bxg2 15. Nxg2 d5 16. cxd5 Nxd5+ 17. Kb3 O-O-O 18. Rac1 Rd7 19. Rc2 Kb7 20. Ne1 Ne7 21. Rdc1 f6 22. e3 g5 23. Nf3 h5 24. h4 g4 25. Nd2 e5 26. Ne4 Rf8 27. dxe5 fxe5 28. a3 Nf5 29. Ka2 Rff7 30. Ng5 Rfe7 31. Ne4 Rf7 32. Ng5 Rg7 33. Ne4 Nd6 34. Nc3 ({Much worse is} 34. Nf6 Rdf7 35. Nd5 (35. Nxh5 Rh7 $17) 35... Ne4 $17) 34... Rgf7 35. b3 Ne8 36. Kb2 Nf6 37. Re1 Rd3 38. Rec1 a6 39. Re1 Rfd7 40. Rf1 (40. b4 $15) 40... R7d6 (40... c5 $17) 41. Rfc1 c6 42. Rf1 b5 43. Re2 a5 44. f3 Rd2+ (44... Kb6 {keeps more tension.} 45. f4 exf4 46. Rxf4 Nd5) 45. Rxd2 Rxd2+ $17 {[%emt 0:00:01][%mdl 4096] Endgame KRN-KRN} 46. Kc1 Rd3 47. Kc2 Rxe3 48. fxg4 Nxg4 49. Rf5 Rxg3 {[%emt 0:00:09] [#] And now ...Ne3+ would win.} 50. Rxh5 Rh3 51. a4 b4 (51... Kb6 $142 {Threatens to win with ...Kc5.} 52. Ne4 Ne3+ 53. Kb2 Rh2+ 54. Kc1 bxa4 55. bxa4 Nd5 56. Rxe5 Rxh4) 52. Ne4 Kb6 53. Rh8 (53. Rg5 $142 Ne3+ 54. Kb2) 53... Ne3+ 54. Kb2 Nf5 55. h5 Rh4 56. Nd2 e4 {[%emt 0:02:20] Against Nf3} (56... Rh2 $142 57. Kc1 Rh1+ 58. Kb2 Nd6) 57. Nxe4 Rxe4 58. h6 Nxh6 59. Rxh6 {[%emt 0:00:06] KR-KR} Kc5 (59... Re2+ $17 60. Kc1 Kc5) 60. Rh2 (60. Rh5+ $1 $11 {keeps the balance.} Kb6 61. Kc2) 60... Kd5 61. Rd2+ Rd4 62. Rh2 Rf4 (62... Kd6 $17) 63. Rd2+ (63. Rh5+ $11 Kd4 64. Rxa5) 63... Ke4 (63... Kc5 $17) 64. Rc2 Rf6 65. Rc5 Kd4 66. Rc4+ (66. Rxa5 $11 Rf2+ 67. Kb1) 66... Kd5 67. Rc2 Rf4 68. Rd2+ Rd4 69. Rh2 $1 c5 (69... Kc5 $17) 70. Rh5+ $11 Kc6 71. Rh6+ Rd6 72. Rh4 Re6 73. Rh2 {[%emt 0:01:04] Inhibits Re2+.} Re5 74. Rd2 (74. Kc2 $11) 74... c4 $1 $15 75. bxc4 Kc5 76. Rh2 Kxc4 77. Rh4+ Kc5 78. Kb3 Re3+ 79. Kb2 Ra3 ({Better is} 79... Kd6 $15 80. Rh7 Re5 81. Rh6+ Kd5) 80. Rh5+ $11 {[%emt 0:00:21] The position is equal.} Kb6 81. Rh6+ Kc7 82. Rh5 Rxa4 83. Rh3 {[%emt 0:00:05] Against Ra3} Ra3 84. Rxa3 bxa3+ 85. Kxa3 a4 86. Kxa4 {[%emt 0:00:03] Black had all chances to win.  Weighted Error Value: White=0.13 (very precise) /Black=0.11 (very precise)} 1/2-1/2

[Event "Deutschland Grand Prix 2022"]
[Site "Dortmund"]
[Date "2022.07.20"]
[Round "4.3"]
[White "Eljanov, Pavel"]
[Black "Deac, Bogdan-Daniel"]
[Result "1/2-1/2"]
[ECO "A14"]
[WhiteElo "2681"]
[BlackElo "2692"]
[Annotator "TA"]
[PlyCount "166"]
[EventDate "2022.07.17"]
[EventType "tourn"]
[EventCountry "GER"]
[SourceTitle "playchess.com"]
[Source "ChessBase"]
[SourceQuality "1"]
[TimeControl "40/5400+30:1800+30"]

1. Nf3 d5 2. e3 c5 3. b3 Nf6 4. Bb2 e6 5. g3 Be7 6. Bg2 O-O 7. O-O b6 8. c4 Bb7 9. Nc3 Qc8 {[%emt 0:02:12] A14: English Opening: 1...e6 with b3 by White.} 10. cxd5 Nxd5 11. Nxd5 Bxd5 12. Qe2 Rd8 13. Rfd1 Qb7 14. d3 Nd7 15. Rac1 a5 16. e4 Bc6 {[%emt 0:00:11] [#]} 17. Re1 $146 ({Predecessor:} 17. Ne5 Nxe5 18. Bxe5 Bd6 19. Bc3 e5 20. Qb2 Qe7 21. a3 Bd7 22. Rb1 f6 23. b4 axb4 24. axb4 Be6 25. bxc5 bxc5 26. Ra1 Qc7 27. Rdb1 Rxa1 28. Rxa1 {½-½ (28) Buchal,S (2299)-Wachinger,N (2360) Hamburg 2018}) 17... Rac8 18. d4 Bf8 19. Rcd1 (19. d5 {is more complex.} exd5 20. exd5 Bxd5 21. Ng5) 19... Nf6 {[%emt 0:12:00] Inhibits d5.} 20. Ne5 cxd4 21. Nxc6 (21. Bxd4 {looks sharper.} Bb4 22. Nxc6 Qxc6 23. Rf1) 21... Qxc6 22. Rxd4 Rxd4 23. Bxd4 a4 24. Rd1 axb3 25. axb3 Rd8 26. Be3 (26. Bf3 $14) 26... Rxd1+ $11 27. Qxd1 Nd7 28. Qc1 Qb5 29. Qc8 Nc5 30. Bg5 {[%emt 0:01:38] [#] Hoping for Be7.} f6 31. Be3 Qxb3 32. Bf1 Kf7 ({Much less strong is} 32... Nxe4 33. Bc4 Qd1+ 34. Kg2 $16) 33. Qc7+ Be7 34. e5 Qb1 35. exf6 gxf6 36. h4 Ne4 37. Kg2 Nd6 38. Be2 {[%emt 0:00:44] [#] Threatens to win with Bh5+.} Qf5 {[%emt 0:00:23] Prevents Bh5+.} 39. Bxb6 Ne8 40. Qa7 {[%emt 0:00:32] Active counter play!} Ng7 41. Bf3 Qb5 42. Be3 Nf5 43. Bf4 Qd3 44. Qb7 Qd8 45. Qe4 Qd7 46. Bg4 Bf8 47. h5 Kg8 48. Kh2 Ng7 (48... Nd4 $14) 49. Bf3 (49. Be2 $16 {Strongly threatening h6.} Bd6 50. Qd4) 49... f5 50. Qe5 Ne8 51. Be2 {[%emt 0:00:37] And now Bc4 would win.} Bd6 52. Qd4 Qe7 53. Be3 Qf6 54. Qa4 Qf7 55. Kg2 Nf6 56. Qa8+ Qe8 57. Qa6 Bf8 (57... Qd8 $11) 58. Bc4 (58. Bb5 $16 Qf7 59. Qc8) 58... Kf7 {[%emt 0:00:14] The position is equal.} 59. Qb7+ Qd7 60. Qf3 Nd5 61. Bd2 {[%emt 0:01:21] White wants to play g4. This bishop pair is nice.} Qc6 62. Bb3 {[%emt 0:00:45] aiming for g4.} Ne7 63. Qxc6 Nxc6 {[%emt 0:00:02][%mdl 4096] Endgame KBB-KBN} 64. Bc3 Bd6 65. f3 Ne5 66. Bd2 Nd3 67. Bc4 Bb4 68. Bg5 Ne5 69. Be2 Nd7 70. g4 Nf6 71. Bc1 Bd6 72. Bd1 Nd5 73. gxf5 Bf4 74. Bxf4 Nxf4+ {[%emt 0:00:02] KB-KN} 75. Kg3 Nxh5+ 76. Kh4 Ng7 77. fxe6+ Nxe6 78. Bb3 Kf6 79. Bxe6 Kxe6 80. Kg5 Kf7 81. Kh6 Kf6 82. f4 Kf5 83. Kxh7 Kxf4 {[%emt 0:00:03] Weighted Error Value: White=0.12 (very precise) /Black=0.10 (very precise)} 1/2-1/2

[Event "Deutschland Grand Prix 2022"]
[Site "Dortmund"]
[Date "2022.07.22"]
[Round "5.1"]
[White "McShane, Luke J"]
[Black "Eljanov, Pavel"]
[Result "1/2-1/2"]
[ECO "C67"]
[WhiteElo "2649"]
[BlackElo "2681"]
[Annotator "TA"]
[PlyCount "119"]
[EventDate "2022.07.17"]
[EventType "tourn"]
[EventCountry "GER"]
[SourceTitle "playchess.com"]
[Source "ChessBase"]
[SourceQuality "1"]
[TimeControl "40/5400+30:1800+30"]

1. e4 e5 2. Nf3 Nc6 3. Bb5 Nf6 4. O-O Nxe4 5. d4 Nd6 6. Bxc6 dxc6 7. dxe5 Nf5 8. Qxd8+ Kxd8 9. h3 Be7 {[%emt 0:00:40] The position is equal. C67: Ruy Lopez: Berlin Defence: 4 0-0 Nxe4.} 10. Nc3 Nh4 {[%emt 0:01:07] ...Nxf3+ is the strong threat.} 11. Nxh4 Bxh4 12. Re1 h5 13. Ne2 Be7 14. Bd2 {[%emt 0:01:29] [#]} Bd7 $146 ({Predecessor:} 14... Ke8 15. Rad1 a6 16. e6 Bxe6 17. Nd4 Rd8 18. Nxe6 fxe6 19. Rxe6 Rd6 20. Ree1 Kf7 {½-½ (52) Vachier Lagrave,M (2784)-So,W (2770) chess24.com INT 2020}) 15. Rad1 Ke8 16. e6 Bxe6 17. Nd4 Bf6 18. Nxe6 fxe6 19. Rxe6+ Kf7 20. Rde1 Rhd8 21. Bc3 Bxc3 22. Re7+ Kf8 23. bxc3 Rd1 24. Rxd1 Kxe7 $11 {[%emt 0:00:04][%mdl 4096] Endgame KR-KR} 25. g4 a5 26. f4 a4 27. Kf2 Ra5 28. Rd4 c5 29. Re4+ Kf7 30. gxh5 a3 31. Kf3 Rb5 32. Ra4 Rb2 33. Rxa3 Rxc2 34. Ra7 Rxc3+ 35. Kg4 b5 36. Rxc7+ Kg8 37. h4 c4 38. Rb7 Ra3 39. Rxb5 Rxa2 40. Rc5 Rc2 41. h6 gxh6 42. Kf5 c3 43. h5 Rc1 44. Kf6 c2 45. Rc8+ Kh7 46. Rc7+ Kg8 47. Rc8+ Kh7 48. f5 Ra1 49. Rc7+ Kg8 50. Rc8+ Kh7 51. Rxc2 Ra6+ $1 52. Ke5 Ra5+ 53. Ke4 Ra4+ 54. Kd5 Kg7 55. Rc6 Ra1 56. Rg6+ Kf7 57. Rxh6 Rd1+ 58. Ke5 {[%emt 0:00:09] [#] Hoping for Rh7+.} Re1+ 59. Kd5 Rd1+ 60. Ke5 {[%emt 0:00:05] An uneventful encounter.  Weighted Error Value: White=0.01 (flawless) /Black=0.00 (flawless)} 1/2-1/2